cohdb
Replays
Latest Replays
All Replays
Popular Replays
Top Player Replays
Match Explorer
How It Works
Community
CoH3 Stats
Reddit
Sign in to upload your games and track your stats! →
Sign in with Steam
Match 41796973
Unlisted
Match 41796973
Overview
Messages
Build Orders
End
Panzergrenadier Squad
Kradschützen Motorcycle Team
250 Light Carrier
Panzergrenadier Squad
Construct Light Support Kompanie
MG34 Team
Assault Mechanized Group
Combat Half-tracks
Construct Mechanized Kompanie
Panzerpioneer Squad
Construct Panzerarmee Kommand
Selects Armored Support Battlegroup
Selects Veteran Gunners
Selects Salvage Kits
Vehicle Survival Package
Emergency Repair Kits
Panzerjäger Mechanized Group
Panzer III L Medium Tank
(502) Bad Gateway
Kyrotic
0
0
Comments
sign in to comment!
No comments posted yet!